Map: Alcyone LE

Players

BuRny - Winner!

  • Race: Terran Terran
  • Spawn Location: 7:00

A.I. 1 (Very Easy)

  • Race: Terran Terran
  • Spawn Location: 1:00

VOD

https://youtu.be/uDrIk_Izho8

Description

https://www.youtube.com/watch?v=8yBDDC2Lpqc&t=948s

Time

  • Played on: July 24, 2024, 10:20 a.m.
  • Length: 10:04
Show
View Real Time Build Order
Export as new Build Order

BuRny Terran - Winner!

Build Orders: Cyclone Opening 

Get SALT Encoding   

  12  0:00  SCV  
  13  0:12  SCV  
  14  0:16  Supply Depot  
  14  0:24  SCV  
  15  0:38  SCV  
  15  0:40  Barracks  
  16  0:44  Refinery  
  16  0:50  SCV  
  16  0:53  Refinery  
  17  1:02  SCV  
  18  1:14  SCV  
  19  1:26  Reaper  
  19  1:27  Orbital Command  
  20  1:40  Factory  
  20  1:42  Supply Depot  
  20  1:52  SCV  
  21  1:58  Reaper  
  22  2:04  SCV  
  23  2:15  Command Center  
  23  2:19  SCV  
  24  2:26  Cyclone  
  26  2:31  SCV  
  26  2:37  Starport  
  27  2:43  SCV  
  28  2:47  Supply Depot  
  28  2:48  Barracks Reactor  
  28  2:55  SCV  
  29  2:59  Cyclone  
  31  3:09  SCV  
  32  3:13  Medivac  
  32  3:17  Refinery  
  34  3:21  SCV  
  34  3:24  Marine x2  
  37  3:28  Orbital Command  
  37  3:32  Factory Tech Lab  
  37  3:36  SCV  
  38  3:43  Marine x2  
  38  3:45  Starport Tech Lab  
  40  3:48  SCV  
  40  3:50  Siege Tank  
  40  3:54  SCV  
  45  4:00  SCV  
  46  4:03  Supply Depot  
  46  4:04  Marine x2  
  46  4:07  Raven  
  46  4:08  Interference Matrix  
  50  4:12  SCV  
  50  4:13  SCV  
  52  4:25  Siege Tank, SCV x2, Supply Depot  
  57  4:37  SCV x2  
  59  4:42  Raven  
  61  4:48  Command Center  
  61  4:49  SCV  
  61  4:50  SCV  
  63  4:53  Marine  
  63  4:54  Marine  
  63  4:57  Supply Depot  
  65  5:01  SCV  
  65  5:04  SCV  
  65  5:05  Supply Depot  
  67  5:08  Siege Tank  
  70  5:17  Refinery  
  70  5:18  SCV x2  
  72  5:22  Marine, Viking x2  
  77  5:30  SCV x2  
  77  5:31  Supply Depot  
  79  5:40  Siege Tank  
  82  5:43  SCV x2  
  82  5:45  Barracks  
  82  5:46  Barracks, Marine  
  82  5:48  Stimpack  
  85  5:53  Viking  
  85  5:55  SCV x2  
  89  6:03  Viking  
  91  6:07  SCV  
  91  6:08  SCV  
  91  6:10  Engineering Bay  
  93  6:13  Engineering Bay  
  93  6:17  Orbital Command  
  93  6:19  SCV  
  93  6:20  SCV  
  93  6:21  Siege Tank  
  93  6:24  Marine  
  99  6:28  Medivac  
  99  6:31  SCV  
  99  6:32  SCV  
  103  6:33  Medivac  
  103  6:34  Supply Depot  
  103  6:37  Barracks Reactor x2  
  105  6:41  Supply Depot  
  105  6:43  SCV x2  
  105  6:45  Terran Infantry Weapons Level 1, SCV  
  105  6:46  Marine  
  109  6:53  Terran Infantry Armor Level 1  
  109  6:54  Refinery  
  109  6:56  SCV x2  
  109  6:57  SCV, Refinery  
  112  7:01  Supply Depot  
  112  7:03  Supply Depot  
  112  7:05  Siege Tank, Marine  
  112  7:08  SCV x2  
  118  7:09  SCV  
  118  7:13  Marine x4  
  123  7:15  Medivac  
  123  7:19  Supply Depot  
  123  7:21  Supply Depot  
  125  7:22  Medivac  
  125  7:23  Marine, SCV x2  
  125  7:26  Supply Depot  
  125  7:28  Supply Depot  
  130  7:30  SCV  
  130  7:31  Marine x2  
  130  7:36  Barracks  
  133  7:37  Barracks  
  133  7:38  Supply Depot  
  133  7:39  Marine x2  
  133  7:41  Siege Tank, Marine  
  139  7:49  Armory  
  139  7:52  Command Center  
  139  7:57  Medivac  
  139  7:58  Marine x2, Medivac  
  143  7:59  Marine  
  143  8:01  Marine  
  143  8:04  Marine  
  148  8:09  Combat Shield  
  148  8:14  Factory  
  148  8:15  SCV  
  148  8:16  Marine x2  
  148  8:17  Marine  
  148  8:19  Siege Tank  
  155  8:27  Marine, Barracks Reactor  
  155  8:28  Barracks Reactor  
  155  8:30  Marine  
  155  8:31  Medivac  
  155  8:32  Medivac  
  155  8:34  Marine x2  
  161  8:35  Marine  
  161  8:40  Supply Depot  
  164  8:41  Supply Depot  
  164  8:42  Supply Depot  
  164  8:44  Marine  
  164  8:48  Marine  
  165  8:51  Siege Tank, Marine  
  170  9:04  Marine x7  
  170  9:06  Marine  
  170  9:09  Marine  
  179  9:10  SCV x2  
  181  9:18  Medivac x2  
  181  9:22  Marine x2  
  187  9:27  Marine x6  
  199  9:40  Marine  
  199  9:43  Command Center  
  200  9:48  Command Center  
  200  9:52  Barracks Reactor  
Show
View Real Time Build Order
Export as new Build Order

A.I. 1 (Very Easy) Terran 

Build Orders:  

Get SALT Encoding   

  12  0:00  SCV  
  13  0:13  SCV  
  14  0:19  Supply Depot  
  14  0:36  Refinery  
  14  0:42  Barracks  
  14  1:02  Supply Depot  
  14  1:12  Refinery  
  14  1:29  Marine, SCV  
  16  1:41  SCV  
  17  1:53  SCV  
  18  2:03  Marine  
  18  2:05  SCV  
  20  2:17  SCV  
  21  2:29  SCV  
  22  2:37  Marine  
  22  2:42  Orbital Command  
  23  4:11  SCV  
  23  5:53  Marine, SCV  
  23  5:56  Supply Depot  
  25  5:58  Factory  
  25  6:18  SCV  
  26  6:20  Supply Depot  
  26  6:28  Barracks Tech Lab  
  26  6:30  SCV  
  24  6:42  SCV  
  24  6:43  Starport  
  24  6:46  Marine  
  26  6:49  Command Center  
  26  6:54  SCV  
  27  7:02  Command Center  
  27  7:15  Hellion, Command Center  
  29  7:19  Starport Tech Lab  
  29  7:22  Supply Depot  
  29  7:23  Command Center  
  28  7:34  Command Center  
  28  7:36  SCV  
  28  7:40  Raven  
  28  7:44  Hellion, Command Center  
  32  7:57  Command Center  
  32  8:06  SCV  
  32  8:12  Marauder  
  34  8:15  Raven, Command Center  
  38  8:41  Hellion  
  29  9:07  SCV  
  18  9:10  Marauder  
  18  9:13  Factory  
  5  9:52  Barracks  
Tags
 
Matchup
TvT
Race
Terran
Spawn Locations
Cross Positions
Add a new tag
Caveats
  • Supply blocks, unpowered buildings, or Contaminate may cause inaccurate times.
  • Supply counts are checked every 10 seconds.